TOP OF THE 1ST |
Erie Jaxx batting - Pitching for Barry's Bay Orioles : RHP Manny Guerra
|
Pitching: RHP Manny Guerra
|
|
Batting: LHB Kyle Robbins
|
0-0: Swinging Strike 0-1: SINGLE (Flyball, 7S)
|
Batting: SHB José Durango
|
0-0: Ball Kyle Robbins is caught stealing 2nd base 1-0: SINGLE (Groundball, 4MD)
|
Batting: SHB Michael Field
|
0-0: Grounds into double play, 4-6-3 (Groundball, 4)
|
Top of the 1st over - 0 run(s), 2 hit(s), 0 error(s), 0 left on base; Erie 0 - Barry's Bay 0 |
BOTTOM OF THE 1ST |
Barry's Bay Orioles batting - Pitching for Erie Jaxx : RHP Steve Bigham
|
Pitching: RHP Steve Bigham
|
|
Batting: LHB Ryan Rheaume
|
0-0: SINGLE (Flyball, 89S)
|
Batting: RHB Guy Morrison
|
0-0: 2-RUN HOME RUN (Flyball, 78XD), Distance : 370 ft
|
Batting: RHB Tomás Díaz
|
0-0: Ball 1-0: Ball 2-0: DOUBLE (Groundball, 5L)
|
Batting: SHB Emílio Calvillo
|
0-0: Ball 1-0: Ball 2-0: Fly out, F9 (Flyball, 9S)
|
Batting: RHB Lorenzo Silva
|
0-0: Ball 1-0: Called Strike 1-1: Called Strike Tomás Díaz steals 3rd base 1-2: Ball 2-2: SINGLE (Flyball, 7S) Tomás Díaz scores
|
Batting: SHB Terry Christian
|
0-0: Ball 1-0: Called Strike 1-1: Foul Ball, location: 2F 1-2: Strikes out looking
|
Batting: RHB Bill Pike
|
0-0: Foul Ball, location: 2F 0-1: Ball 1-1: Swinging Strike 1-2: Strikes out swinging
|
Bottom of the 1st over - 3 run(s), 4 hit(s), 0 error(s), 1 left on base; Erie 0 - Barry's Bay 3 |
TOP OF THE 2ND |
Erie Jaxx batting - Pitching for Barry's Bay Orioles : RHP Manny Guerra
|
Batting: LHB Jim Knight
|
0-0: Called Strike 0-1: Ball 1-1: Ground out 4-3 (Groundball, 4)
|
Batting: RHB Ángel Serrano
|
0-0: DOUBLE (Flyball, 9LD)
|
Batting: RHB Andrés Silva
|
0-0: Ball 1-0: Called Strike 1-1: Fly out, F9 (Flyball, 9S)
|
Batting: RHB Ed Keesee
|
0-0: SINGLE (Line Drive, 9S) Ángel Serrano to third
|
Batting: RHB José Hernández
|
0-0: Ball 1-0: Ball 2-0: Called Strike 2-1: Foul Ball, location: 2F 2-2: Ground out 4-3 (Groundball, 4S)
|
Top of the 2nd over - 0 run(s), 2 hit(s), 0 error(s), 2 left on base; Erie 0 - Barry's Bay 3 |
BOTTOM OF THE 2ND |
Barry's Bay Orioles batting - Pitching for Erie Jaxx : RHP Steve Bigham
|
Batting: LHB Rodney Harrison
|
0-0: Called Strike 0-1: Ball 1-1: Ground out 4-3 (Groundball, 4)
|
Batting: RHB Octávio Aldeguer
|
0-0: Ball 1-0: SINGLE (Groundball, 56D)
|
Batting: LHB Ryan Rheaume
|
0-0: Ball Octávio Aldeguer steals 2nd base 1-0: Called Strike 1-1: Called Strike 1-2: Strikes out looking
|
Batting: RHB Guy Morrison
|
0-0: Called Strike 0-1: Ball 1-1: Ball 2-1: Ball 3-1: Fly out, F8 (Flyball, 8LM)
|
Bottom of the 2nd over - 0 run(s), 1 hit(s), 0 error(s), 1 left on base; Erie 0 - Barry's Bay 3 |
TOP OF THE 3RD |
Erie Jaxx batting - Pitching for Barry's Bay Orioles : RHP Manny Guerra
|
Batting: RHB Júlio Hernández
|
0-0: Ball 1-0: Ball 2-0: Swinging Strike 2-1: Foul Ball, location: 2F 2-2: Strikes out looking
|
Batting: LHB Kyle Robbins
|
0-0: Ball 1-0: Reached on error, E1 (Groundball, 13S)
|
Batting: SHB José Durango
|
0-0: Called Strike Kyle Robbins steals 3rd base 0-1: Ball 1-1: Called Strike 1-2: Ball 2-2: Foul Ball, location: 2F 2-2: SINGLE (Line Drive, 4M) Kyle Robbins scores
|
Batting: SHB Michael Field
|
0-0: Ball 1-0: Called Strike 1-1: Ball Wild Pitch! José Durango to second 2-1: Swinging Strike 2-2: Strikes out looking
|
Batting: LHB Jim Knight
|
0-0: Called Strike 0-1: Ball 1-1: Swinging Strike 1-2: Ball 2-2: Foul Ball, location: 2F 2-2: Strikes out looking
|
Top of the 3rd over - 1 run(s), 1 hit(s), 1 error(s), 1 left on base; Erie 1 - Barry's Bay 3 |
BOTTOM OF THE 3RD |
Barry's Bay Orioles batting - Pitching for Erie Jaxx : RHP Steve Bigham
|
Batting: RHB Tomás Díaz
|
0-0: Called Strike 0-1: Called Strike 0-2: Ball 1-2: Foul Ball, location: 2F 1-2: Foul Ball, location: 2F 1-2: Fly out, F9 (Flyball, 9S)
|
Batting: SHB Emílio Calvillo
|
0-0: Ball 1-0: Fly out, F8 (Flyball, 8RD)
|
Batting: RHB Lorenzo Silva
|
0-0: SINGLE (Line Drive, 89S)
|
Batting: SHB Terry Christian
|
0-0: Fielders Choice at 2nd, 6-4 (Groundball, 6)
|
Bottom of the 3rd over - 0 run(s), 1 hit(s), 0 error(s), 0 left on base; Erie 1 - Barry's Bay 3 |
TOP OF THE 4TH |
Erie Jaxx batting - Pitching for Barry's Bay Orioles : RHP Manny Guerra
|
Batting: RHB Ángel Serrano
|
0-0: Called Strike 0-1: Swinging Strike 0-2: Strikes out looking
|
Batting: RHB Andrés Silva
|
0-0: Called Strike 0-1: Ground out 5-3 (Groundball, 56)
|
Batting: RHB Ed Keesee
|
0-0: Ball 1-0: Ground out 6-3 (Groundball, 6)
|
Top of the 4th over - 0 run(s), 0 hit(s), 0 error(s), 0 left on base; Erie 1 - Barry's Bay 3 |
BOTTOM OF THE 4TH |
Barry's Bay Orioles batting - Pitching for Erie Jaxx : RHP Steve Bigham
|
Batting: RHB Bill Pike
|
0-0: Called Strike 0-1: Swinging Strike 0-2: Ball 1-2: SINGLE (Flyball, 8LS)
|
Batting: LHB Rodney Harrison
|
0-0: Called Strike 0-1: Ball 1-1: Called Strike 1-2: Foul Ball, location: 2F 1-2: Fly out, F9 (Flyball, 9LDF)
|
Batting: RHB Octávio Aldeguer
|
0-0: Ball Bill Pike steals 2nd base 1-0: Ball 2-0: Swinging Strike 2-1: Foul Ball, location: 2F 2-2: Strikes out swinging
|
Batting: LHB Ryan Rheaume
|
0-0: Ball 1-0: Swinging Strike 1-1: Foul Ball, location: 2F 1-2: Ball 2-2: Foul Ball, location: 2F 2-2: Foul Ball, location: 2F 2-2: Foul Ball, location: 2F 2-2: Foul Ball, location: 2F 2-2: Ball 3-2: Strikes out looking
|
Bottom of the 4th over - 0 run(s), 1 hit(s), 0 error(s), 1 left on base; Erie 1 - Barry's Bay 3 |
TOP OF THE 5TH |
Erie Jaxx batting - Pitching for Barry's Bay Orioles : RHP Manny Guerra
|
Batting: RHB José Hernández
|
0-0: Fly out, F8 (Flyball, 8RS)
|
Batting: RHB Júlio Hernández
|
0-0: Swinging Strike 0-1: SINGLE (Groundball, 6MD)
|
Batting: LHB Kyle Robbins
|
0-0: Ball 1-0: Foul Ball, location: 2F 1-1: Called Strike 1-2: SINGLE (Flyball, 89S) Júlio Hernández to second Runner from 2nd tries for 3rd, SAFE, throw made to third Kyle Robbins to second
|
Batting: SHB José Durango
|
0-0: Called Strike 0-1: Foul Ball, location: 2F 0-2: Ball 1-2: Fly out, F5 (Popup, 5D)
|
Batting: SHB Michael Field
|
0-0: Called Strike 0-1: Fly out, F7 (Flyball, 7LS)
|
Top of the 5th over - 0 run(s), 2 hit(s), 0 error(s), 2 left on base; Erie 1 - Barry's Bay 3 |
BOTTOM OF THE 5TH |
Barry's Bay Orioles batting - Pitching for Erie Jaxx : RHP Steve Bigham
|
Batting: RHB Guy Morrison
|
0-0: Ball 1-0: Foul Ball, location: 2F 1-1: Ball 2-1: Called Strike 2-2: Ball 3-2: Foul Ball, location: 2F 3-2: Ground out 5-3 (Groundball, 56)
|
Batting: RHB Tomás Díaz
|
0-0: Ball 1-0: Hit by Pitch
|
Batting: SHB Emílio Calvillo
|
0-0: Ball 1-0: Ball 2-0: Ball 3-0: Called Strike 3-1: Reached on error, E5 (Groundball, 56) Tomás Díaz to second
|
Batting: RHB Lorenzo Silva
|
0-0: Fielders Choice at 2nd, 6-4 (Groundball, 6) Tomás Díaz to third
|
Batting: SHB Terry Christian
|
0-0: Ball 1-0: Ball 2-0: Ball 3-0: Base on Balls Lorenzo Silva to second
|
Pitching: RHP Jorge Ríos
|
|
Batting: RHB Bill Pike
|
0-0: GRAND SLAM HOME RUN (Flyball, 7D), Distance : 366 ft
|
Batting: LHB Rodney Harrison
|
0-0: Ball 1-0: Fly out, F7 (Flyball, 7LM)
|
Bottom of the 5th over - 4 run(s), 1 hit(s), 1 error(s), 0 left on base; Erie 1 - Barry's Bay 7 |
TOP OF THE 6TH |
Erie Jaxx batting - Pitching for Barry's Bay Orioles : RHP Manny Guerra
|
Batting: LHB Jim Knight
|
0-0: Called Strike 0-1: Ball 1-1: Ball 2-1: Called Strike 2-2: Fly out, F8 (Flyball, 8LM)
|
Batting: RHB Ángel Serrano
|
0-0: Called Strike 0-1: SINGLE (Flyball, 8RS)
|
Batting: RHB Andrés Silva
|
0-0: Ball 1-0: Called Strike 1-1: Fly out, F2 (Popup, 3S)
|
Batting: RHB Ed Keesee
|
0-0: Ball 1-0: Ball 2-0: Called Strike 2-1: Ball 3-1: Called Strike 3-2: 2-RUN HOME RUN (Flyball, 78XD), Distance : 381 ft
|
Batting: RHB José Hernández
|
0-0: Swinging Strike 0-1: Foul Ball, location: 2F 0-2: Ball 1-2: Ball 2-2: Ball 3-2: Foul Ball, location: 2F 3-2: Base on Balls
|
Pitching: RHP A.J. Martin
|
|
Batting: RHB Júlio Hernández
|
0-0: Foul Ball, location: 2F 0-1: Ball 1-1: Called Strike 1-2: Strikes out looking
|
Top of the 6th over - 2 run(s), 2 hit(s), 0 error(s), 1 left on base; Erie 3 - Barry's Bay 7 |
BOTTOM OF THE 6TH |
Barry's Bay Orioles batting - Pitching for Erie Jaxx : RHP Jorge Ríos
|
Batting: RHB Octávio Aldeguer
|
0-0: Foul Ball, location: 2F 0-1: Ball 1-1: Swinging Strike 1-2: SINGLE (Groundball, 4D)
|
Batting: LHB Ryan Rheaume
|
0-0: Called Strike 0-1: Ball 1-1: Called Strike 1-2: Strikes out swinging
|
Batting: RHB Guy Morrison
|
0-0: Called Strike Octávio Aldeguer is caught stealing 2nd base 0-1: Ball 1-1: Foul Ball, location: 2F 1-2: Ball 2-2: Strikes out looking
|
Bottom of the 6th over - 0 run(s), 1 hit(s), 0 error(s), 0 left on base; Erie 3 - Barry's Bay 7 |
TOP OF THE 7TH |
Erie Jaxx batting - Pitching for Barry's Bay Orioles : RHP A.J. Martin
|
Batting: LHB Kyle Robbins
|
0-0: Foul Ball, location: 2F 0-1: Ball 1-1: Ball 2-1: Foul Ball, location: 2F 2-2: Ball 3-2: Strikes out swinging
|
Batting: SHB José Durango
|
0-0: Called Strike 0-1: Ball 1-1: Ball 2-1: Foul Ball, location: 2F 2-2: Ground out 6-3 (Groundball, 6)
|
Batting: SHB Michael Field
|
0-0: Called Strike 0-1: Ball 1-1: Foul Ball, location: 2F 1-2: Ground out 4-3 (Groundball, 4)
|
Top of the 7th over - 0 run(s), 0 hit(s), 0 error(s), 0 left on base; Erie 3 - Barry's Bay 7 |
BOTTOM OF THE 7TH |
Barry's Bay Orioles batting - Pitching for Erie Jaxx : RHP Jorge Ríos
|
Batting: RHB Tomás Díaz
|
0-0: Ground out U3 (Groundball, 34)
|
Batting: SHB Emílio Calvillo
|
0-0: SINGLE (Flyball, 89S)
|
Batting: RHB Lorenzo Silva
|
0-0: Ball Emílio Calvillo is caught stealing 2nd base 1-0: Swinging Strike 1-1: SINGLE (Groundball, 34D)
|
Batting: SHB Terry Christian
|
0-0: Fielders Choice at 2nd, 4-6 (Groundball, 4)
|
Bottom of the 7th over - 0 run(s), 2 hit(s), 0 error(s), 0 left on base; Erie 3 - Barry's Bay 7 |
TOP OF THE 8TH |
Erie Jaxx batting - Pitching for Barry's Bay Orioles : RHP A.J. Martin
|
Batting: LHB Jim Knight
|
0-0: Called Strike 0-1: Foul Ball, location: 2F 0-2: Strikes out swinging
|
Batting: RHB Ángel Serrano
|
0-0: Swinging Strike 0-1: Ball 1-1: Ball 2-1: Ground out 4-3 (Groundball, 4)
|
Batting: RHB Andrés Silva
|
0-0: Called Strike 0-1: Called Strike 0-2: Strikes out swinging
|
Top of the 8th over - 0 run(s), 0 hit(s), 0 error(s), 0 left on base; Erie 3 - Barry's Bay 7 |
BOTTOM OF THE 8TH |
Barry's Bay Orioles batting - Pitching for Erie Jaxx : RHP Jorge Ríos
|
Batting: RHB Bill Pike
|
0-0: Ground out 5-3 (Groundball, 56)
|
Batting: LHB Rodney Harrison
|
0-0: Ball 1-0: Foul Ball, location: 2F 1-1: Ball 2-1: Ball 3-1: Base on Balls
|
Batting: RHB Octávio Aldeguer
|
0-0: Foul Ball, location: 2F 0-1: Ball 1-1: Ball 2-1: Swinging Strike 2-2: Ball 3-2: Foul Ball, location: 2F 3-2: Grounds into double play, 5-4-3 (Groundball, 56)
|
Bottom of the 8th over - 0 run(s), 0 hit(s), 0 error(s), 0 left on base; Erie 3 - Barry's Bay 7 |
TOP OF THE 9TH |
Erie Jaxx batting - Pitching for Barry's Bay Orioles : RHP A.J. Martin
|
Batting: RHB Ed Keesee
|
0-0: Ground out 6-3 (Groundball, 6)
|
Batting: RHB José Hernández
|
0-0: Ball 1-0: Ground out 4-3 (Groundball, 4)
|
Pitching: RHP Félix González
|
|
Batting: RHB Júlio Hernández
|
0-0: Ball 1-0: SINGLE (Line Drive, 6MD)
|
Batting: LHB Kyle Robbins
|
0-0: Ball 1-0: Called Strike 1-1: Called Strike 1-2: Ball 2-2: Ball 3-2: Strikes out swinging
|
Top of the 9th over - 0 run(s), 1 hit(s), 0 error(s), 1 left on base; Erie 3 - Barry's Bay 7 |
|